cohdb
Replays
Latest Replays
All Replays
Popular Replays
Top Player Replays
Match Explorer
How It Works
Community
CoH3 Stats
Reddit
Sign in to upload your games and track your stats! →
Sign in with Steam
Match 22067680
Unlisted
Match 22067680
Overview
Messages
Build Orders
End
Kettenkrad Recon Vehicle
Construct Infanterie Kompanie
Selects Breakthrough Battlegroup
Selects Assault Grenadiers
Grenadier Squad
MG 42 Machine Gun Team
Grenadier Squad
Grenadier Squad
Grenadier Squad
Construct Luftwaffe Kompanie
Selects Breakthrough
Selects Rapid Production
Medical Station
Flak 30 Anti-aircraft Gun Team
Jäger Squad
Jäger Squad
Support Elements
Selects Blitzkrieg
Marder III M Tank Destroyer
Sof Ya Nos
Sauzer88
0
0
Comments
sign in to comment!
No comments posted yet!